 Dungeon Crawl Stone Soup version 0.30.0-5-g1a98f26d00 (webtiles) character file.

Game seed: 64520340364553789

146 greasedhog the Cudgeller (level 5, -4/51 HPs)
             Began as a Gargoyle Fighter on May 10, 2023.
             Slain by a wight
             ... wielding a +0 hand axe
              (10 damage)
             ... on level 4 of the Dungeon.
             The game lasted 00:03:18 (2538 turns).

greasedhog the Cudgeller (Gargoyle Fighter)         Turns: 2538, Time: 00:03:19

Health: -4/51      AC: 14    Str: 27    XL:     5   Next: 28%
Magic:  5/5        EV:  8    Int:  9    God:
Gold:   138        SH:  4    Dex:  9    Spells: 4/4 levels left

rFire   . . .        o - +0 morningstar
rCold   . . .        c - +0 buckler
rNeg    + . .        a - +0 chain mail
rPois   ∞            i - +0 helmet
rElec   +            (no cloak)
rCorr   .            (no gloves)
SInv    .            (no boots)
Will    .....        (no amulet) Stlth
                     n - +6 ring of strength
HPRegen 0.28/turn    (no ring)
MPRegen 0.09/turn

%: no passive effects
@: berserking, very quick
A: sickness immunity, AC +4, negative energy resistance 1, electricity
resistance, torment resistance 1, petrification resistance
a: no special abilities


You were on level 4 of the Dungeon.
You visited 1 branch of the dungeon, and saw 4 of its levels.

You collected 138 gold pieces.

Inventory:

Hand Weapons
 o - a +0 morningstar (weapon)
Missiles
 j - 2 throwing nets (quivered)
 q - a boomerang
Armour
 a - a +0 chain mail (worn)
 b - a +0 scale mail
 c - a +0 buckler (worn)
 i - a +0 helmet (worn)
Jewellery
 n - a +6 ring of strength (left hand)
 x - a ring of positive energy
Scrolls
 f - a scroll of magic mapping
 h - a scroll of noise {unknown}
 k - a scroll of enchant armour {unknown}
 m - 2 scrolls of fog
 p - a scroll of torment {unknown}
 w - a scroll of immolation
Potions
 d - a potion of might
 e - 3 potions of flight
 g - a potion of lignification {unknown}
 l - a potion of brilliance {unknown}
 r - a potion of curing {unknown}
 s - a potion of berserk rage
 t - 2 potions of haste {unknown}
 u - a potion of cancellation {unknown}
 v - 2 potions of ambrosia {unknown}


   Skills:
 + Level 4.4 Fighting
 * Level 4.5 Maces & Flails
 - Level 3.2 Armour
 - Level 3.2 Shields


You had 4 spell levels left.
You didn't know any spells.
Your spell library contained the following spells:

 Spells                   Type           Power      Damage    Failure   Level
 Apportation              Tloc           0%         N/A       93%         1
 Alistair's Intoxication  Tmut/Pois      0%         N/A       100%        5


Dungeon Overview and Level Annotations

Branches:
Dungeon (4/15)
 Temple: D:4-7

Altars:

Shops:
D:2 [

Annotations:
D:4 Natasha


Innate Abilities, Weirdness & Mutations

You are immune to sickness and miasma.
Your stone body is resilient. (AC +4)
You are immune to poison.
You resist negative energy. (rN+)
You are resistant to electric shocks. (rElec)
You are resistant to unholy torment.
You are immune to petrification.


Message History

The white imp hits you but does no damage.
The gnoll hits you with a +0 club. The white imp gestures at you.
The puff of frost hits you! The white imp attacks as you move away!
The white imp hits you but does no damage.
The white imp gestures at you. The puff of frost hits you!
* * * LOW HITPOINT WARNING * * *
The white imp picks up a beetle and eats it.
You barely miss the white imp. The white imp barely misses you.
You thump the white imp!
You kill the white imp!
The gnoll barely misses you. The gnoll attacks as you move away!
The gnoll hits you but does no damage.
Natasha, Servant of Life and Death comes into view.
She is carrying a wand of flame (9).
Natasha hisses angrily.
Natasha zaps a wand.
The puff of flame hits you.
* * * LOW HITPOINT WARNING * * *
As you read the scroll of fog, it crumbles to dust.
The scroll dissolves into smoke.
Natasha stares at you and mumbles some strange words.
The magic dart hits you but does no damage.
A dart slug comes into view.
Natasha zaps a wand.
The puff of flame hits you but does no damage.
Natasha zaps a wand.
The puff of flame hits you.
* * * LOW HITPOINT WARNING * * *
A wight comes into view. It is wielding a +0 hand axe.
Natasha zaps a wand.
The puff of flame hits you.
* * * LOW HITPOINT WARNING * * *
Found a stone staircase leading down.
Natasha stares at you and mumbles some strange words.
You resist with some effort.
Natasha zaps a wand.
You block the puff of flame. You block the wight's attack.
A red film seems to cover your vision as you go berserk!
You feel yourself moving faster!
You feel mighty! The wight barely misses you.
You closely miss the wight. You barely miss the wight.
The wight hits you with a +0 hand axe!
You die...

§ #######g#.... .
#.g.#...~ #. #.#.#...~
## #.### #.###g.g≈ <#
...# #.5g.§§§§ ##
#.##########§PP #.
####.h.....# #§##
#...##....#####.####§#
#....@...# #.....§#
#.###z...# #........
#.....# #...h..w.
#.....# #........
#.#....# ..........
#....#>............
.#..##.#........... .
.. ..##........


You could see a wight and Natasha.

Vanquished Creatures
  3 gnolls (D:3)
  2 adders
  A white imp (D:4)
  A worm (D:2)
  A dart slug (D:1)
  2 orcs (D:3)
  14 bats
  7 endoplasms
  5 giant cockroaches
  5 goblins
  8 hobgoblins
  11 jackals
  8 kobolds
  A quokka (D:1)
  5 ball pythons
  A frilled lizard (D:2)
  A rat (D:1)
76 creatures vanquished.

Notes
Turn   | Place    | Note
-------+----------+-------------------------------------------
     0 | D:1      | greasedhog the Gargoyle Fighter began the quest for the
                  | Orb.
     0 | D:1      | Reached XP level 1. HP: 14/14 MP: 1/1
    72 | D:1      | Reached XP level 2. HP: 18/19 MP: 2/2
   527 | D:1      | Reached XP level 3. HP: 20/24 MP: 3/3
   870 | D:2      | Found Jiskecw's Antique Armour Emporium.
  1176 | D:2      | Reached XP level 4. HP: 29/29 MP: 4/4
  2345 | D:3      | Reached XP level 5. HP: 21/34 MP: 5/5
  2519 | D:4      | Noticed Natasha
  2538 | D:4      | Slain by a wight

Illustrated notes

Levels and vault maps discovered:
D:1:      dpeg_arrival_signposts, layout_basic
D:2:      minmay_general_purpose_star, layout_loops_ring, serial_shops, shop,
          hangedman_decor_riveting
D:3:      minmay_spotlight, layout_rooms, kennysheep_nondescript
D:4:      layout_basic, serial_demonic, serial_demonic_b, serial_demonic_d,
          serial_demonic_f, serial_demonic_f, serial_demonic_b,
          serial_demonic_d, kennysheep_doodads, minmay_manual_macuahuitl,
          uniq_natasha

Skill      XL: |  1  2  3  4 |
---------------+-------------+-----
Maces & Flails | 3 4 |  4.5
Fighting       | 4 |  4.4
Armour         | |  3.2
Shields        | |  3.2

Action                     |  1- 3 |  4- 6 || total
---------------------------+-------+-------++-------
  Melee: Flail             |   163 |    36 ||   199
         Morningstar       |       |    78 ||    78
    Use: Scroll            |       |     6 ||     6
         Potion            |       |     1 ||     1
 Armour: Scale mail        |   103 |    41 ||   144
         Chain mail        |       |    42 ||    42
  Dodge: Dodged            |    83 |    73 ||   156
  Block: Buckler           |    42 |    36 ||    78
